 Dungeon Crawl Stone Soup version 0.27.1-33-g824d729ab1 (webtiles) character file.

Game seed: 2722320711934204249

34898 dianekeaton the Peltast (level 13, -6/102 HPs)
             Began as a Minotaur Berserker on Dec 8, 2021.
             Was a High Priest of Trog.
             Mangled by Rupert (30 damage)
             ... on level 5 of the Lair of Beasts.
             The game lasted 00:58:22 (20068 turns).

dianekeaton the Peltast (Minotaur Berserker)       Turns: 20068, Time: 00:58:23

Health: -6/102     AC: 20    Str: 22    XL:     13   Next: 44%
Magic:  12/12      EV: 13    Int:  4    God:    Trog [*****.]
Gold:   916        SH: 16    Dex: 15    Spells: 12/12 levels left

rFire    . . .     SeeInvis .   z - +4 flail (drain)
rCold    . . .     Faith    +   y - +0 kite shield
rNeg     + . .     Spirit   .   M - +6 chain mail of Uqaip {rN+ Stlth+}
rPois    .         Reflect  .   (helmet restricted)
rElec    .         Harm     .   (no cloak)
rCorr    .         Rampage  .   (no gloves)
Will     ++...                  (no boots)
Stlth    ..........             K - amulet of faith
HPRegen  1.27/turn              f - +4 ring of evasion
MPRegen  0.13/turn              p - +4 ring of protection

@: strong-willed, regenerating
A: horns 2, retaliatory headbutt
a: Renounce Religion, Berserk, Trog's Hand, Brothers in Arms


You were on level 5 of the Lair of Beasts.
You worshipped Trog.
Trog was extremely pleased with you.
You visited 2 branches of the dungeon, and saw 15 of its levels.
You also visited: Volcano.

You collected 916 gold pieces.

Inventory:

Hand Weapons
 a - a +1 mace
 b - a +2 whip of freezing
 z - a +4 flail of draining (weapon)
 G - a +3 mace
Missiles
 i - 576 stones
 v - 3 throwing nets
Armour
 j - a +2 buckler
 m - a +6 scale mail of willpower
 y - a +0 kite shield (worn)
 M - the +6 chain mail of Uqaip (worn) {rN+ Stlth+}
   (You found it on level 5 of the Lair of Beasts)

   rN:        It protects you from negative energy.
   Stlth:     It makes you more stealthy.
Jewellery
 f - a +4 ring of evasion (left hand)
 p - a +4 ring of protection (right hand)
 w - an amulet of magic regeneration
 A - a ring of resist corrosion
 B - a ring of magical power
 E - a ring of ice
 F - the amulet "Bystrijomn" {Acrobat rElec rF+ Str-5}
   (You found it on level 2 of the Lair of Beasts)

   [amulet of the acrobat]

   It increases your evasion while moving and waiting.
   Str:       It affects your strength (-5).
   rF:        It protects you from fire.
   rElec:     It insulates you from electricity.
 H - a ring of protection from cold
 K - an amulet of faith (around neck)
Wands
 k - a wand of flame (60) (quivered)
 o - a wand of acid (13)
 r - a wand of paralysis (12)
 s - a wand of digging (9)
Scrolls
 l - 3 scrolls of blinking
 u - 2 scrolls of fear
 C - a scroll of summoning
 D - a scroll of teleportation
 J - a scroll of brand weapon
 N - 2 scrolls of identify
Potions
 c - 3 potions of degeneration
 d - 3 potions of berserk rage
 e - 2 potions of haste
 g - 3 potions of attraction
 h - 2 potions of cancellation
 n - 2 potions of lignification
 q - 7 potions of curing
 x - 3 potions of magic
 I - 4 potions of invisibility
 L - a potion of mutation
 O - 9 potions of ambrosia


   Skills:
 - Level 5.8 Fighting
 - Level 16.0 Maces & Flails
 - Level 3.7 Throwing
 - Level 6.7 Armour
 - Level 2.1 Dodging
 - Level 0.5 Stealth
 * Level 18.8 Shields


You had 12 spell levels left.
You didn't know any spells.
Your spell library was empty.

Dungeon Overview and Level Annotations

Branches:
Dungeon (10/15)            Temple (0/1) D:4            Lair (5/6) D:9
 Shoals (0/4) Lair:3       Spider (0/4) Lair:3        Slime (0/5) Lair:5
    Orc (0/2) D:9         Volcano (visited)

Altars:
Ashenzari
Fedhas
Gozag
Makhleb
Nemelex Xobeh
Qazlal
Trog
Vehumet
Wu Jian
Zin
Jiyva

Annotations:
Lair:5 Rupert


Innate Abilities, Weirdness & Mutations

You have a pair of horns on your head.
You reflexively headbutt those who attack you in melee.


Message History

You block Rupert's attack.
You hit Rupert but do no damage. You drain Rupert.
Rupert is lightly wounded.
Rupert yells loudly at you.
You are confused.
Okay, then.
Your magical effects are unravelling.
You feel magically purged.
You feel less confused.
Rupert roars madly and goes into a rage!
Rupert goes berserk!
Your skin crawls.
You feel strong-willed. Rupert misses you.
Rupert hits you with a +6 great mace of protection!!
Rupert misses you. You furiously retaliate!
You headbutt Rupert, but do no damage. You sock Rupert!
Rupert is moderately wounded.
You block Rupert's attack.
You hit Rupert. Your headbutt misses Rupert.
Rupert is moderately wounded.
Rupert hits you with a +6 great mace of protection!!
You thump Rupert! Your headbutt misses Rupert.
Rupert is moderately wounded.
You block Rupert's attack.
You hit Rupert.
Rupert is moderately wounded.
Rupert barely misses you.
You sock Rupert! You headbutt Rupert, but do no damage.
Rupert is moderately wounded.
You block Rupert's attack.
You sock Rupert! You drain Rupert.
Rupert is heavily wounded.
Rupert hits you with a +6 great mace of protection!!!
* * * LOW HITPOINT WARNING * * *
Okay, then.
You fail to use your ability.
Rupert hits you with a +6 great mace of protection!!
You die...

..... #..... .....#
####...... #.......##
#........# #
#####........#
#.#..#.†@#P....##########
........@......#...#P...#
........................#
.........................
.........................
.........................
.........................
.........................
........................#
..............#..##.P.###


You could see Rupert (berserk, drained).

Vanquished Creatures
  Harold (D:9)
  Fannar (Lair:2)
  3 hydras
  2 two-headed ogres
  3 death yaks (Lair:4)
  Urug (Lair:5)
  A lindwurm (Lair:3)
  A wolf spider (Lair:3)
  Maurice (D:7)
  3 elephants (Lair:4)
  3 black mambas
  Joseph (D:7)
  3 torpor snails
  4 cane toads
  An efreet (Lair:3)
  15 komodo dragons
  2 rime drakes
  2 jumping spiders (Lair:3)
  A queen bee (Lair:5)
  2 polar bears
  3 meliai (Lair:5)
  5 dream sheep
  A shadow (D:6)
  4 wyverns
  5 basilisks
  2 wraiths
  Eustachio (D:6)
  Grum (D:9)
  28 yaks
  4 vampire mosquitoes (D:7)
  6 water moccasins
  An orc warrior (D:9)
  2 black bears
  3 sky beasts
  6 necrophages
  2 ogres
  12 wolves
  3 centaurs
  2 kobold brigands (D:8)
  Blork the orc (D:6)
  16 bullfrogs
  A gnoll sergeant (D:7)
  3 scorpions
  A water moccasin zombie (D:5)
  3 wyvern zombies
  A wyvern skeleton (D:6)
  32 killer bees
  9 wights
  4 howler monkeys
  An electric eel (Lair:4)
  4 centaur zombies
  3 hounds
  3 gnoll shamans
  A jelly (D:5)
  4 orc priests
  Jessica (D:3)
  3 iguanas
  A centaur skeleton (D:7)
  9 orc wizards
  A killer bee zombie (D:8)
  2 mummies (D:8)
  2 howler monkey zombies (D:8)
  5 adders
  18 gnolls
  2 ufetubi (D:5)
  An adder skeleton (D:4)
  2 dart slugs (D:1)
  22 orcs
  3 ball pythons
  5 bats
  6 endoplasms
  3 giant cockroaches
  8 goblins
  9 hobgoblins
  13 kobolds
  2 quokkas
  5 frilled lizards
  6 rats
358 creatures vanquished.

Vanquished Creatures (collateral kills)
  A hydra (Lair:3)
  5 wolves (Lair:3)
6 creatures vanquished.

Vanquished Creatures (others)
  15 fungi
  43 plants
  4 withered plants (D:8)
62 creatures vanquished.

Grand Total: 426 creatures vanquished

Notes
Turn   | Place    | Note
-------+----------+-------------------------------------------
     0 | D:1      | dianekeaton the Minotaur Berserker began the quest for the
                  | Orb.
     0 | D:1      | Reached XP level 1. HP: 19/19 MP: 0/0
   578 | D:1      | Reached XP level 2. HP: 26/26 MP: 1/1
  1054 | D:1      | Found a faded altar of an unknown god.
  1370 | D:2      | Reached skill level 5 in Maces & Flails
  1373 | D:2      | Reached XP level 3. HP: 31/31 MP: 2/2
  2309 | D:2      | Reached ** piety under Trog
  2992 | D:3      | Noticed a scorpion
  2999 | D:3      | Killed a scorpion
  3000 | D:3      | Reached XP level 4. HP: 34/39 MP: 3/3
  3077 | D:3      | Reached XP level 5. HP: 45/45 MP: 4/4
  3426 | D:3      | Noticed Jessica
  3433 | D:3      | Killed Jessica
  3721 | D:4      | Reached XP level 6. HP: 26/51 MP: 5/5
  3930 | D:4      | Found a stormy altar of Qazlal.
  3931 | D:4      | Found a blossoming altar of Fedhas.
  3932 | D:4      | Found an ornate altar of the Wu Jian Council.
  4011 | D:4      | Found a staircase to the Ecumenical Temple.
  4175 | D:4      | Found a bloodstained altar of Trog.
  4375 | D:4      | Found a broken altar of Ashenzari.
  4531 | D:4      | Found a burning altar of Makhleb.
  4538 | D:4      | Noticed a green death
  4539 | D:4      | Found a glowing silver altar of Zin.
  4540 | D:4      | Noticed an angel
  4583 | D:4      | Reached skill level 1 in Throwing
  4983 | D:4      | Found a sparkling altar of Nemelex Xobeh.
  5069 | D:5      | Entered Level 5 of the Dungeon
  5255 | D:5      | Reached XP level 7. HP: 48/57 MP: 6/6
  5379 | D:5      | Found an opulent altar of Gozag.
  5384 | D:5      | Found a radiant altar of Vehumet.
  5603 | D:5      | Reached skill level 10 in Maces & Flails
  6142 | D:6      | Noticed Blork the orc
  6147 | D:6      | Killed Blork the orc
  6148 | D:6      | Reached XP level 8. HP: 56/64 MP: 7/7
  6285 | D:6      | Noticed Eustachio
  6304 | D:6      | Killed Eustachio
  6304 | D:6      | Reached *** piety under Trog
  6861 | D:6      | Reached XP level 9. HP: 70/70 MP: 8/8
  7771 | D:7      | Reached skill level 15 in Maces & Flails
  8847 | D:8      | Noticed Joseph
  8864 | D:7      | Killed Joseph
  8865 | D:7      | Reached XP level 10. HP: 30/77 MP: 9/9
  9126 | D:8      | Reached **** piety under Trog
  9234 | D:8      | Reached skill level 1 in Shields
  9296 | D:8      | Noticed a two-headed ogre
  9298 | D:8      | Noticed Maurice
  9781 | D:7      | Killed Maurice
  9938 | D:8      | Reached skill level 2 in Shields
 10184 | D:8      | Killed a two-headed ogre
 10185 | D:8      | Reached skill level 5 in Armour
 10185 | D:8      | Reached skill level 3 in Shields
 10566 | D:8      | Reached skill level 5 in Fighting
 10669 | D:8      | Reached skill level 4 in Shields
 11254 | D:9      | Reached skill level 5 in Shields
 11261 | D:9      | Noticed Harold
 11296 | D:9      | Killed Harold
 11297 | D:9      | Reached skill level 6 in Shields
 11297 | D:9      | Reached XP level 11. HP: 57/89 MP: 10/10
 11320 | D:9      | Reached skill level 7 in Shields
 11332 | D:9      | Noticed a two-headed ogre
 11344 | D:9      | Killed a two-headed ogre
 11612 | D:9      | Found a staircase to the Lair.
 11643 | D:9      | You fall into a shaft and drop 1 floor!
 11643 | D:10     | Entered Level 10 of the Dungeon
 11842 | D:9      | Found a staircase to the Orcish Mines.
 11866 | D:9      | Noticed Grum
 11871 | D:9      | Reached skill level 8 in Shields
 11875 | D:9      | Killed Grum
 12176 | Lair:1   | Entered Level 1 of the Lair of Beasts
 12213 | Lair:1   | Reached ***** piety under Trog
 12452 | Lair:1   | Reached skill level 9 in Shields
 12815 | Lair:1   | Reached skill level 10 in Shields
 13126 | Lair:1   | Reached skill level 11 in Shields
 13951 | Lair:2   | Noticed a five-headed hydra
 13971 | Lair:2   | Killed a five-headed hydra
 13972 | Lair:2   | Reached skill level 12 in Shields
 14276 | Lair:2   | Reached skill level 13 in Shields
 14313 | Lair:2   | Reached XP level 12. HP: 86/95 MP: 11/11
 14524 | Lair:2   | Noticed Fannar
 14800 | Lair:2   | Killed Fannar
 14807 | Lair:2   | Reached skill level 14 in Shields
 15064 | Lair:2   | Identified the amulet "Bystrijomn" {Acrobat rElec rF+
                  | Str-5}
 15415 | Lair:3   | Found a dark tunnel.
 15442 | Volcano  | Entered a volcano
 15481 | Lair:3   | Noticed a four-headed hydra
 15488 | Lair:3   | Killed a four-headed hydra
 15489 | Lair:3   | Reached skill level 15 in Shields
 16127 | Lair:3   | Received a gift from Trog
 16359 | Lair:3   | Found a staircase to the Shoals.
 16411 | Lair:3   | Found a hole to the Spider Nest.
 16450 | Lair:3   | Reached skill level 16 in Shields
 17328 | Lair:4   | Noticed a death yak
 17328 | Lair:4   | Noticed a death yak
 17329 | Lair:4   | Noticed a death yak
 17344 | Lair:4   | Killed a death yak
 17345 | Lair:4   | Reached skill level 17 in Shields
 17354 | Lair:4   | Killed a death yak
 17368 | Lair:4   | Killed a death yak
 17369 | Lair:4   | Reached XP level 13. HP: 50/102 MP: 12/12
 18803 | Lair:5   | Reached skill level 18 in Shields
 18920 | Lair:5   | Identified the +6 chain mail of Uqaip {rN+ Stlth+}
 18992 | Lair:5   | Found a staircase to the Slime Pits.
 18992 | Lair:5   | Found a viscous altar of Jiyva.
 19829 | Lair:5   | Noticed Urug
 19846 | Lair:5   | Killed Urug
 20048 | Lair:5   | Noticed Rupert
 20068 | Lair:5   | Mangled by Rupert

Illustrated notes

Levels and vault maps discovered:
D:1:      lemuel_arrival_muddy, layout_basic,
          chequers_ecumenical_altar_simple_redux, minmay_liquid_box,
          fountainhead
D:2:      layout_rooms, minmay_goblin_outpost
D:3:      layout_basic, kennysheep_jessica_study
D:4:      layout_basic, grunt_temple_overflow_order_and_chaos_2,
          trog_three_pillars_becter, mainiacjoe_overflow_six_doors_small,
          mainiacjoe_overflow_alcove_3, minmay_temple_entry_glassed_door,
          patterned_corridor
D:5:      layout_loops_ring, minitemple
D:6:      layout_basic, bh_walls_and_bars, uniq_blork_the_orc, uniq_eustachio
D:7:      layout_loops_corners
D:8:      layout_basic, serial_undead, serial_undead_f, serial_undead_a,
          serial_undead_d, serial_undead_d, serial_undead_b, serial_undead_c,
          uniq_maurice, uniq_joseph
D:9:      layout_loops_ring, lair_entry_dummy, orc_0_dummy, uniq_harold,
          uniq_grum
D:10:     layout_rooms, hellmonk_bongcloud_opening, grunt_decor_fettered,
          minmay_misc_feat_nine_boxes, minmay_guarded_unrand_variability,
          uniq_erolcha
Lair:1:   layout_layer_cave, chequers_serial_rivers_marsh,
          nicolae_quartered_pool_little, st_stairs_12,
          chequers_serial_rivers_marsh
Lair:2:   layout_chaotic_city, serial_bayou_shore_b, serial_bayou_shore_b,
          uniq_fannar
Lair:3:   layout_roguey, shoals_dummy_entry, spider_nest_entry_funnel_web,
          nicolae_volcano_entry_two_sided, grunt_megastairs_4,
          infiniplex_staircase_pool_2, serial_bayou_shore_b
Lair:4:   layout_regular_city, serial_bayou_lake_a, grunt_megastairs_1
Lair:5:   layout_hall_layers, slime_altar_1, special_room [special_room_bee],
          wad_woods_river_01, uniq_rupert, uniq_urug

Skill      XL: |  1  2  3  4  5  6  7  8  9 10 11 12 13 |
---------------+----------------------------------------+-----
Maces & Flails | 4 5 6 8 9 11 13 16 | 16.0
Throwing       | 1 2 3 |  3.7
Armour         | 6 |  6.7
Shields        | 6 13 17 18 | 18.8
Fighting       | 5 |  5.8
Dodging        | |  2.1
Stealth        | |  0.5

Action                   |  1- 3 |  4- 6 |  7- 9 | 10-12 | 13-15 || total
-------------------------+-------+-------+-------+-------+-------++-------
Melee: Mace              |    92 |    33 |       |       |       ||   125
       Headbutt          |    13 |    17 |    71 |   203 |    35 ||   339
       Whip              |       |    58 |   307 |   325 |       ||   690
       Flail             |       |       |       |   447 |   203 ||   650
Throw: Stone             |     5 |     7 |     3 |    10 |       ||    25
Invok: Berserk           |     2 |     1 |     2 |       |       ||     5
       Trog's Hand       |       |     1 |     3 |     5 |     3 ||    12
       Brothers in Arms  |       |       |       |     2 |       ||     2
Evoke: Wand              |       |       |       |    10 |     9 ||    19
  Use: Scroll            |     2 |     8 |     4 |    10 |     4 ||    28
       Potion            |       |       |       |       |     1 ||     1
 Stab: Sleeping          |     2 |       |       |       |       ||     2
Armor: Animal skin       |    17 |       |       |       |       ||    17
       Scale mail        |     2 |    32 |    95 |   180 |    17 ||   326
       Chain mail        |       |       |       |       |    56 ||    56
Dodge: Dodged            |    72 |    52 |   146 |   334 |   129 ||   733
Block: Buckler           |     4 |    19 |    34 |    33 |       ||    90
       Kite shield       |       |       |       |   349 |   184 ||   533
